 Dungeon Crawl Stone Soup version 0.20-a0-1124-g2e29d97 (webtiles) character file.

33502 JiminyMac the Severer (level 13, -7/123 HPs)
             Began as a Minotaur Berserker on May 14, 2017.
             Was an Elder of Trog.
             Mangled by a death yak (11 damage)
             ... on level 5 of the Lair of Beasts on May 15, 2017.
             The game lasted 01:06:40 (18980 turns).

JiminyMac the Severer (Minotaur Berserker)         Turns: 18980, Time: 01:06:40

Health: -7/123     AC: 20    Str: 26    XL:     13   Next: 37%
Magic:  0/12       EV:  9    Int: 12    God:    Trog [****..]
Gold:   1057       SH:  0    Dex: 15    Spells: 12/12 levels left

rFire    + . .     SeeInvis .   P - +7 war axe of Magnificence {venom, +Inv rC+ Int+5}
rCold    + . .     Gourm    .   (no shield)
rNeg     . . .     Faith    .   Y - +0 plate armour "Moidot" {Dex+4}
rPois    .         Spirit   +   (helmet restricted)
rElec    .         Reflect  .   y - +0 cloak
rCorr    .         Harm     .   (no gloves)
MR       .....                  q - +1 pair of boots
Stlth    ..........             v - amulet of guardian spirit
Regen    0.3/turn               j - ring of protection from fire
MPRegen  0.2/turn               T - +3 ring of intelligence

@: slowed, very slow
A: retaliatory headbutt, horns 2
a: Berserk, Trog's Hand, Brothers in Arms, Burn Spellbooks, Renounce Religion,
Evoke Invisibility


You were on level 5 of the Lair of Beasts.
You worshipped Trog.
Trog was greatly pleased with you.
You were not hungry.

You visited 2 branches of the dungeon, and saw 16 of its levels.

You collected 1134 gold pieces.
You spent 77 gold pieces at shops.

Inventory:

Hand Weapons
 u - the +10 fustibalus "Odoepaet" {freeze, Dex+3 Stlth+}
   (Trog gifted it to you on level 2 of the Lair of Beasts)

   It causes projectiles fired from it to freeze those they strike, causing
   extra injury to most foes and up to half again as much damage against
   particularly susceptible opponents.
   They can also slow down cold-blooded creatures.
   It affects your dexterity (+3).
   It makes you more stealthy.
 P - the +7 war axe of Magnificence (weapon) {venom, +Inv rC+ Int+5}
   (You found it on level 2 of the Lair of Beasts)

   It poisons the flesh of those it strikes.
   It affects your intelligence (+5).
   It protects you from cold.
   It lets you turn invisible.
Missiles
 p - 41 tomahawks (quivered)
 V - 6 javelins of penetration
Armour
 q - a +1 pair of boots (worn)
 x - +0 fire dragon scales
 y - a +0 cloak (worn)
 Y - the +0 plate armour "Moidot" (worn) {Dex+4}
   (You found it on level 1 of the Lair of Beasts)

   It affects your dexterity (+4).
Jewellery
 a - an uncursed ring of flight
 j - a ring of protection from fire (left hand)
 t - an uncursed ring of ice
 v - an amulet of guardian spirit (around neck)
 T - a +3 ring of intelligence (right hand)
Wands
 z - a wand of clouds (9/9)
 E - a wand of confusion (28/48)
 H - a wand of digging (11/24)
 K - a wand of acid (4/15)
 Q - a wand of disintegration (11/24)
 S - a wand of paralysis (15/24)
 U - a wand of scattershot (4/9)
 W - a wand of confusion (30/48)
Scrolls
 b - 3 scrolls of fear
 g - a scroll of blinking
 h - 10 scrolls of remove curse
 l - 6 scrolls of teleportation
 m - 3 scrolls of enchant armour
 o - a scroll of recharging
 r - 8 scrolls of identify
 w - 4 scrolls of magic mapping
 B - a scroll of holy word
 G - a scroll of silence
 J - 2 scrolls of immolation
 M - 2 scrolls of enchant weapon
Potions
 d - 5 potions of flight
 e - 5 potions of magic
 i - 3 potions of mutation
 k - a potion of degeneration {unknown}
 n - 10 potions of curing
 C - a potion of heal wounds {unknown}
 I - 2 potions of ambrosia {unknown}
 N - a potion of agility {unknown}
 O - a potion of might {unknown}
 R - 2 potions of haste
 Z - a potion of invisibility {unknown}
Books
 F - a book of Burglary

   Spells                             Type                      Level
   a - Swiftness                      Charms/Air                   2
   b - Passwall                       Transmutation/Earth          2
   c - Passage of Golubria            Translocation                4
   d - Lee's Rapid Deconstruction     Earth                        5
   e - Darkness                       Hexes                        6
   f - Invisibility                   Hexes                        6
   Trog disapproves of the use of such an item.
 L - the Handbook of Harmful Flight
   (You found it on level 9 of the Dungeon)

   Spells                             Type                      Level
   a - Shock                          Conjuration/Air              1
   b - Flame Tongue                   Conjuration/Fire             1
   c - Sticky Flame                   Conjuration/Fire             4
   d - Bolt of Draining               Conjuration/Necromancy       5
   e - Tornado                        Air                          9
   Trog disapproves of the use of such an item.
 X - a book of Minor Magic

   Spells                             Type                      Level
   a - Magic Dart                     Conjuration                  1
   b - Blink                          Translocation                2
   c - Call Imp                       Summoning                    2
   d - Slow                           Hexes                        2
   e - Conjure Flame                  Conjuration/Fire             3
   f - Mephitic Cloud                 Conjuration/Poison/Air       3
   Trog disapproves of the use of such an item.
Miscellaneous
 D - a phial of floods
Comestibles
 c - 8 bread rations
 f - 7 royal jellies
 s - 14 fruits
 A - 7 meat rations


   Skills:
 + Level 13.8 Fighting
 * Level 18.4 Axes
 + Level 13.5 Armour
 - Level 2.1 Dodging


You had 12 spell levels left.
You didn't know any spells.

Dungeon Overview and Level Annotations

Branches:
Dungeon (11/15)            Temple (0/1) D:4            Lair (5/6) D:10
 Shoals (0/4) Lair:2        Snake (0/4) Lair:4          Orc (0/2) D:10
  Slime: Lair:5-6

Altars:
Makhleb
Okawaru

Shops:
D:4 ?   D:9 [


Innate Abilities, Weirdness & Mutations

You reflexively headbutt those who attack you in melee.
You have a pair of horns on your head.


Message History

You hit the death yak.
The death yak looks as sick as possible!
You hit the death yak. You barely miss the death yak.
You kill the death yak!
Trog accepts your kill.
The death yak gores you but does no damage. x2
The death yak completely misses you. You furiously retaliate!
You headbutt the death yak! You barely miss the death yak.
The death yak is heavily wounded.
You hit the death yak but do no damage.
The death yak looks as sick as possible!
You slash the death yak!
The death yak looks as sick as possible!
The death yak gores you!
* * * LOW HITPOINT WARNING * * *
The death yak gores you!!
* * * LOW HITPOINT WARNING * * *
The death yak gores you!
You die...

##...............##
#..
##............P###
#.............P##
#.#.#....#...P..#
####........#####
##.##.P..##
####.#[..##
###.....# #....†@.#
#....YYY..#
#.........##
............#
............#
...........#
...........#
........)..# #.....
##.....


You could see 3 death yaks.

Vanquished Creatures
  A fire dragon (Lair:1)
  Fannar (Lair:1)
  Harold (Lair:4)
  An anaconda (Lair:4)
  A centaur warrior (D:11)
  The ghost of Bunnehwyld the Slicer, a journeyman KoGl of Okawaru (D:10)
  7 death yaks (Lair:5)
  A two-headed ogre (D:9)
  Pikel (D:7)
  A salamander (Lair:4)
  4 black mambas
  Joseph (Lair:1)
  A gargoyle (D:11)
  8 spiny frogs
  A rime drake (Lair:4)
  5 komodo dragons
  4 trolls
  A merfolk (D:10)
  The ghost of Sergey the Poker, an amateur MfSk of Okawaru (D:4)
  5 hippogriffs
  Prince Ribbit (Lair:1)
  11 blink frogs
  Sigmund (D:5)
  19 yaks
  A wyvern (Lair:1)
  4 basilisks
  2 hell hounds (D:10)
  9 water moccasins
  5 porcupines
  An ice beast (D:7)
  3 sky beasts
  6 orc warriors
  12 wolves
  A necrophage (D:11)
  2 centaurs
  5 ogres
  8 crocodiles
  Blork the orc (D:5)
  3 big kobolds (D:10)
  A wyvern zombie (D:10)
  5 gnoll sergeants
  10 bullfrogs
  2 scorpions
  9 killer bees
  5 wights (D:9)
  4 howler monkeys
  An electric eel (Lair:1)
  A crimson imp (D:6)
  A centaur zombie (D:11)
  A bullfrog zombie (D:11)
  8 orc priests
  3 hounds
  7 orc wizards
  A jelly (D:10)
  2 centaur skeletons
  2 iguanas
  6 worker ants
  16 gnolls
  12 adders
  3 shadow imps
  3 oozes
  An adder skeleton (D:6)
  5 worms
  A dart slug (D:1)
  5 leopard geckos
  52 orcs
  4 giant cockroaches
  7 goblins
  7 hobgoblins
  10 jackals
  10 kobolds
  4 quokkas
  3 ball pythons
  7 bats
  6 frilled lizards
  10 rats
  4 fungi
  5 plants
386 creatures vanquished.

Vanquished Creatures (collateral kills)
  4 hydras
  A spiny frog (Lair:2)
  A water moccasin (Lair:4)
6 creatures vanquished.

Vanquished Creatures (others)
  2 slaves (D:7)
  2 howler monkeys (D:7)
  A hound (D:7)
  A leopard gecko (D:7)
  3 plants
9 creatures vanquished.

Grand Total: 401 creatures vanquished

Notes
Turn   | Place    | Note
-------+----------+-------------------------------------------
     0 | D:1      | JiminyMac the Minotaur Berserker began the quest for the Orb.
     0 | D:1      | Reached XP level 1. HP: 19/19 MP: 0/0
   230 | D:1      | Reached skill level 4 in Axes
   230 | D:1      | Reached XP level 2. HP: 21/27 MP: 1/1
   610 | D:1      | Reached XP level 3. HP: 27/33 MP: 2/2
  1277 | D:2      | Reached ** piety under Trog
  1425 | D:2      | Reached skill level 5 in Axes
  1426 | D:2      | Reached XP level 4. HP: 40/40 MP: 3/3
  1525 | D:2      | Found an iron altar of Okawaru.
  1869 | D:3      | Reached XP level 5. HP: 46/47 MP: 4/4
  2157 | D:3      | Reached skill level 6 in Axes
  2503 | D:4      | Reached *** piety under Trog
  2528 | D:4      | Found Cifamnah's Magic Scroll Shoppe.
  2560 | D:4      | Bought a scroll of magic mapping for 49 gold pieces
  2560 | D:4      | Bought a scroll of identify for 28 gold pieces
  2717 | D:4      | Noticed an ogre
  2723 | D:4      | Killed an ogre
  2934 | D:4      | Noticed Sergey's ghost (amateur MfSk)
  2942 | D:4      | Killed Sergey's ghost
  2942 | D:4      | Reached skill level 5 in Fighting
  2942 | D:4      | Reached skill level 7 in Axes
  2942 | D:4      | Reached XP level 6. HP: 56/56 MP: 5/5
  3001 | D:4      | Found a staircase to the Ecumenical Temple.
  3148 | D:5      | Entered Level 5 of the Dungeon
  3153 | D:5      | Reached skill level 5 in Armour
  3372 | D:5      | Noticed Sigmund
  3385 | D:5      | Killed Sigmund
  3385 | D:5      | Reached XP level 7. HP: 53/61 MP: 4/6
  3427 | D:5      | Reached skill level 8 in Axes
  3649 | D:5      | Noticed Blork the orc
  3654 | D:5      | Killed Blork the orc
  4041 | D:5      | Reached XP level 8. HP: 71/71 MP: 7/7
  4128 | D:6      | Reached skill level 9 in Axes
  4649 | D:6      | Reached **** piety under Trog
  4939 | D:6      | Reached skill level 10 in Axes
  5255 | D:7      | Noticed Pikel
  5261 | D:7      | Killed Pikel
  5261 | D:7      | Reached XP level 9. HP: 81/81 MP: 6/8
  5464 | D:7      | Reached skill level 11 in Axes
  6287 | D:8      | Noticed a troll
  6302 | D:8      | Killed a troll
  7284 | D:9      | Found Giyrid's Antique Armour Emporium.
  7496 | D:9      | Noticed a troll
  7507 | D:9      | Killed a troll
  7507 | D:9      | Reached skill level 12 in Axes
  7702 | D:9      | Identified the Handbook of Harmful Flight
  7934 | D:9      | Reached XP level 10. HP: 71/91 MP: 7/9
  7985 | D:9      | Noticed a two-headed ogre
  7994 | D:9      | Killed a two-headed ogre
  8504 | D:10     | Entered Level 10 of the Dungeon
  8504 | D:10     | Noticed Bunnehwyld's ghost (journeyman KoGl)
  8548 | D:10     | Killed Bunnehwyld's ghost
  8548 | D:10     | Reached skill level 13 in Axes
  9089 | D:10     | Reached skill level 10 in Fighting
  9089 | D:10     | Reached skill level 10 in Armour
  9143 | D:10     | Found a burning altar of Makhleb.
  9294 | D:10     | Found a staircase to the Orcish Mines.
  9346 | D:9      | Received a gift from Trog
  9775 | D:10     | Reached ***** piety under Trog
  9784 | D:10     | Reached skill level 14 in Axes
 10045 | D:10     | Found a staircase to the Lair.
 10063 | D:10     | Reached XP level 11. HP: 101/101 MP: 10/10
 10130 | D:10     | Noticed a four-headed hydra
 10140 | D:10     | Killed a five-headed hydra
 11525 | D:11     | Noticed a centaur warrior
 11533 | D:11     | Killed a centaur warrior
 12058 | Lair:1   | Entered Level 1 of the Lair of Beasts
 12113 | Lair:1   | Noticed Joseph
 12124 | Lair:1   | Killed Joseph
 12249 | Lair:1   | Reached skill level 15 in Axes
 12518 | Lair:1   | Got a spiked plate armour
 12529 | Lair:1   | Identified the cursed +0 plate armour "Moidot" {Dex+4} (You found it on level 1 of the Lair of Beasts)
 12933 | Lair:1   | Noticed a fire dragon
 12966 | Lair:1   | Killed a fire dragon
 13309 | Lair:1   | Noticed Fannar
 13323 | Lair:1   | Killed Fannar
 13784 | Lair:1   | Noticed Prince Ribbit
 13792 | Lair:1   | Killed Prince Ribbit
 13808 | Lair:1   | Reached XP level 12. HP: 78/112 MP: 7/11
 13898 | Lair:1   | Reached skill level 16 in Axes
 14227 | Lair:1   | Got a slimy robe
 14238 | Lair:1   | Identified the +2 robe of Tenacity {rF+ MP+9 Dex+2 Stlth-} (You found it on level 1 of the Lair of Beasts)
 15147 | Lair:2   | Received a gift from Trog
 15152 | Lair:2   | Got a translucent fustibalus {god gift}
 15269 | Lair:2   | Identified the +10 fustibalus "Odoepaet" {freeze, Dex+3 Stlth+} (Trog gifted it to you on level 2 of the Lair of Beasts)
 15342 | Lair:2   | Found a staircase to the Shoals.
 15418 | Lair:2   | Got an iridescent war axe
 15419 | Lair:2   | Identified the +7 war axe of Magnificence {venom, +Inv rC+ Int+5} (You found it on level 2 of the Lair of Beasts)
 15457 | Lair:2   | Noticed a four-headed hydra
 15468 | Lair:2   | Killed a four-headed hydra
 15703 | Lair:3   | Reached skill level 17 in Axes
 16525 | Lair:4   | Found a staircase to the Snake Pit.
 16728 | Lair:4   | Upgraded the game from 0.20-a0-1122-gb7cbeb9 to 0.20-a0-1124-g2e29d97
 16814 | Lair:4   | Noticed a six-headed hydra
 16837 | Lair:4   | Killed an eight-headed hydra
 16850 | Lair:4   | Noticed an anaconda
 16855 | Lair:4   | Killed an anaconda
 17251 | Lair:4   | Noticed Harold
 17271 | Lair:4   | Killed Harold
 17273 | Lair:4   | Reached XP level 13. HP: 87/122 MP: 9/12
 18640 | Lair:5   | Reached skill level 18 in Axes
 18980 | Lair:5   | HP: 4/123 [death yak (16)]
 18980 | Lair:5   | Mangled by a death yak

Vault maps used:
D:1:      minmay_arrival_jagged
D:2:      okawaru_altar_gauntlet_db, first_bread
D:4:      minmay_temple_entry_butterflies, serial_shops,
          nicolae_shop_window_shopping, kennysheep_flooded_box,
          minmay_misc_feat_encased, kennysheep_generic_room_15
D:5:      minmay_misc_feat_ornament, minmay_misc_feat_columns, minivault_27,
          uniq_blork_the_orc, uniq_sigmund
D:7:      uniq_pikel
D:9:      serial_shops, shop
D:10:     minmay_lair_entry_lava, kennysheep_orc_monster_closet_entryway,
          basic_altar, hangedman_fish_farm
Lair:1:   dragon1_lemuel, hibernation_bobbens, uniq_joseph, uniq_fannar,
          uniq_prince_ribbit2
Lair:2:   elwin_shoals_entry_rocks
Lair:4:   beast_lair_carwin_large_3, dummy_snake_entry, uniq_harold

Skill      XL: |  1  2  3  4  5  6  7  8  9 10 11 12 13 |
---------------+----------------------------------------+-----
Axes           | 4 5 7 8 10 12 14 15 17 18 | 18.4
Fighting       | 4 5 6 8 9 10 12 13 | 13.8
Armour         | 3 4 5 6 7 9 10 11 13 | 13.5
Dodging        | |  2.1

Action                   |  1- 3 |  4- 6 |  7- 9 | 10-12 | 13-15 || total
-------------------------+-------+-------+-------+-------+-------++-------
Melee: Hand axe          |    66 |   146 |   270 |       |       ||   482
       Headbutt          |    11 |    21 |    54 |   139 |    26 ||   251
       War axe           |       |       |    38 |   624 |    68 ||   730
Invok: Berserk           |     3 |     5 |    11 |    15 |     2 ||    36
       Trog's Hand       |       |       |     1 |     1 |       ||     2
       Brothers in Arms  |       |       |       |     5 |     2 ||     7
       Burn Spellbooks   |       |       |       |       |     2 ||     2
  Use: Scroll            |     1 |     2 |       |    21 |       ||    24
  Eat: Chunk             |     4 |    11 |    17 |    36 |     3 ||    71
       Bread ration      |       |       |     2 |     2 |     2 ||     6
Armor: Animal skin       |     7 |       |       |       |       ||     7
       Ring mail         |    17 |    27 |       |       |       ||    44
       Plate armour      |       |    12 |   174 |   315 |    44 ||   545
Dodge: Dodged            |    42 |    62 |   110 |   191 |    30 ||   435
